 Dungeon Crawl Stone Soup version 0.25-a0-561-g0977b4d109 (webtiles) character file.

Game seed: 13095860779815875412, levelgen mode: deterministic

46 Flugslaktarn the Shield-Bearer (level 3, -11/34 HPs)
             Began as a Deep Dwarf Fighter on Feb 25, 2020.
             Mangled by Sigmund
             ... wielding a +0 scythe
              (12 damage)
             ... on level 3 of the Dungeon.
             The game lasted 00:00:25 (443 turns).

Flugslaktarn the Shield-Bearer (Deep Dwarf Fighter)  Turns: 443, Time: 00:00:25

Health: -11/34     AC:  6    Str: 20    XL:     3   Next: 44%
Magic:  3/3        EV:  7    Int:  8    God:
Gold:   43         SH:  9    Dex: 12    Spells: 2/2 levels left

rFire    . . .     SeeInvis .   a - +0 war axe
rCold    . . .     Gourm    .   c - +0 kite shield
rNeg     . . .     Faith    .   b - +0 scale mail
rPois    .         Spirit   .   (no helmet)
rElec    .         Reflect  .   (no cloak)
rCorr    .         Harm     .   (no gloves)
MR       .....                  (no boots)
Stlth    ..........             (no amulet)
HPRegen  0.00/turn              (no ring)
MPRegen  0.08/turn              (no ring)

@: non-regenerating
A: damage resistance, heal wounds, sense surroundings 1, no regeneration
a: Heal Wounds


You were on level 3 of the Dungeon.
You were not hungry.

You visited 1 branch of the dungeon, and saw 3 of its levels.

You collected 43 gold pieces.

Inventory:

Hand Weapons
 a - a +0 war axe (weapon)
Armour
 b - a +0 scale mail (worn)
 c - a +0 kite shield (worn)
Jewellery
 k - an uncursed ring of fire {unknown}
   (You found it on level 2 of the Dungeon)
Scrolls
 i - a scroll of immolation {unknown}
 l - a scroll of teleportation {unknown}
 m - a scroll of magic mapping {unknown}
 n - 2 scrolls of identify {unknown}
Potions
 d - a potion of might
 f - 3 potions of curing {unknown}
 h - a potion of heal wounds {unknown}
 j - 2 potions of haste {unknown}
Comestibles
 e - 2 rations
 g - 7 chunks of flesh


   Skills:
 + Level 3.0 Fighting
 * Level 3.2 Axes
 + Level 3.6 Armour
 + Level 3.6 Shields


You had 2 spell levels left.
You didn't know any spells.
Your spell library was empty.

Dungeon Overview and Level Annotations

Branches:
Dungeon (3/15)

Altars:

Annotations:
D:3 Sigmund


Innate Abilities, Weirdness & Mutations

You are resistant to damage.
You can heal yourself by infusing magical energy.
You passively map a small area around you.
You do not regenerate.


Message History

No target in view!
No target in view!
You block something's attack.
Items here: )) †† a +0 short sword; a +0 club; a kobold corpse; an orc corpse You hit something.
Something hits you!
You slash something! Something hits you.
You closely miss something. Something hits you!
* * * LOW HITPOINT WARNING * * *
You miss something. You block something's attack.
You closely miss something. Something hits you but does no damage.
You hit something but do no damage. Something hits you.
You slash something! Something hits you but does no damage.
You slash something!
You hear some strange, mumbled words.
A puff of flame appears from out of thin air!
The puff of flame hits you.
* * * LOW HITPOINT WARNING * * *
You closely miss something. Something hits you!
You die...

, , ...# ,.# ,*
, * #..##..
#....
#######..###.###
.......<........
,
########.###.##
* ########.....#
*
,.........###.##
......)@[......
, ,
.......{.##..##
, .........# ,.#
, .........# *
,* * .......%.#
* * .........#*,
, * , *
#####+#... * ,
##.# * *


There were no monsters in sight!

Vanquished Creatures
  An adder (D:2)
  A dart slug (D:1)
  A leopard gecko (D:2)
  3 orcs (D:3)
  A giant cockroach (D:1)
  2 goblins
  A hobgoblin (D:1)
  6 jackals
  3 kobolds
  A quokka (D:2)
  A ball python (D:1)
  4 bats
  2 frilled lizards
  A rat (D:1)
28 creatures vanquished.

Notes
Turn   | Place    | Note
-------+----------+-------------------------------------------
     0 | D:1      | Flugslaktarn the Deep Dwarf Fighter began the quest for the
                  | Orb.
     0 | D:1      | Reached XP level 1. HP: 20/20 MP: 1/1
    77 | D:1      | Reached XP level 2. HP: 25/27 MP: 2/2
   396 | D:2      | Reached XP level 3. HP: 22/33 MP: 3/3
   421 | D:3      | Noticed Sigmund
   442 | D:3      | HP: 1/34 [something/puff of flame (4)]
   443 | D:3      | Mangled by Sigmund

Levels and vault maps discovered:
D:1:      psy_arrival_whirlpool, layout_loops_cross
D:2:      wad_pebble_path, layout_rooms, nicolae_overflow_hidden_temple,
          nicolae_dithmenos_through_a_glass_darkly, uniq_natasha, uniq_terence
D:3:      layout_basic, elyvilon_altar_4, uniq_sigmund

Skill      XL: |  1  2  3 |
---------------+----------+-----
Axes           | 3 |  3.2
Fighting       | 3 |  3.0
Armour         | |  3.6
Shields        | |  3.6

Action                   || total
-------------------------++-------
Melee: War axe           ||   109
 Abil: Heal Wounds       ||     1
Armor: Scale mail        ||    62
Dodge: Dodged            ||    51
Block: Kite shield       ||    80

Table legend:
 A = Non-vault XP
 B = Vault XP
 C = Vault XP percentage of total XP
 D = Non-vault monster count
 E = Vault monster count
 F = Vault count percentage of total count
                 A         B        C        D         E       F
            +---------+---------+-------+---------+---------+-------
      Total |      66 |       0 |   0.0 |      28 |       0 |   0.0
            +---------+---------+-------+---------+---------+-------
        D:1 |      27 |       0 |   0.0 |      15 |       0 |   0.0
        D:2 |      29 |       0 |   0.0 |       9 |       0 |   0.0
        D:3 |      10 |       0 |   0.0 |       4 |       0 |   0.0
            +---------+---------+-------+---------+---------+-------
